 Dungeon Crawl Stone Soup version 0.30-a0-591-g3c58d2bc28 (webtiles) character file.

Game seed: 8320418635819401727

58 sokol815 the Chopper (level 3, -5/29 HPs)
             Began as a Demonspawn Monk on Jan 6, 2023.
             Killed by nerve-wracking pain
             ... invoked by Jessica
              (11 damage)
             ... on level 2 of the Dungeon.
             The game lasted 00:02:12 (1245 turns).

sokol815 the Chopper (Demonspawn Monk)              Turns: 1245, Time: 00:02:13

Health: -5/29      AC:  8    Str: 13    XL:     3   Next: 75%
Magic:  3/3        EV:  6    Int: 11    God:
Gold:   78         SH:  4    Dex: 21    Spells: 2/2 levels left

rFire   . . .      SeeInvis .    a - +0 hand axe
rCold   . . .      Faith    .    (no shield)
rNeg    . . .      Spirit   .    c - +0 chain mail
rPois   .          Reflect  .    (no helmet)
rElec   .          Harm     .    (no cloak)
rCorr   .          Rampage  .    (no gloves)
Will    .....                    (no boots) Stlth
                                 (no amulet)
HPRegen 0.24/turn                n - +6 ring of dexterity
MPRegen 0.08/turn                (no ring)

@: slowed, very slow
A: large bone plates 1, ignite blood 1
a: no special abilities


You were on level 2 of the Dungeon.
You visited 1 branch of the dungeon, and saw 2 of its levels.

You collected 78 gold pieces.

Inventory:

Hand Weapons
 a - a +0 hand axe (weapon)
 j - a +1 vampiric dagger
   (You took it off a kobold on level 1 of the Dungeon)
Missiles
 s - 16 stones
Armour
 b - a +0 robe
 c - a +0 chain mail (worn)
   (You found it on level 1 of the Dungeon)
Jewellery
 n - a +6 ring of dexterity (left hand)
   (You found it on level 2 of the Dungeon)
Scrolls
 d - a scroll of enchant armour {unknown}
 e - a scroll of teleportation {unknown}
 f - a scroll of identify {unknown}
 i - a scroll of fear {unknown}
 l - a scroll of blinking {unknown}
Potions
 g - 2 potions of flight {unknown}
 h - 2 potions of heal wounds {unknown}
 k - a potion of berserk rage {unknown}
 m - a potion of curing {unknown}
 G - 2 potions of ambrosia {!q}


   Skills:
 - Level 3.0 Fighting
 + Level 4.3 Axes
 - Level 2.6 Dodging
 - Level 1.7 Stealth


You had 2 spell levels left.
You didn't know any spells.
Your spell library was empty.

Dungeon Overview and Level Annotations

Branches:
Dungeon (2/15) Zot: 10739

Altars:

Annotations:
D:2 Jessica, Sigmund


Innate Abilities, Weirdness & Mutations

You are partially covered in large bone plates. (SH +4)
Your demonic aura sometimes causes spilled blood to erupt in flames.


Message History

There is a stone staircase leading up here.
An endoplasm comes into view.
The endoplasm quivers.
The endoplasm hits you but does no damage.
You hit the endoplasm but do no damage. The endoplasm barely misses you.
You barely miss the endoplasm. The endoplasm barely misses you. x2
You hit the endoplasm. You punch the endoplasm.
You kill the endoplasm!
No target in view!
No target in view!
l - a scroll labelled GEZEOKH NEHIT
s - 11 stones (gained 6)
Found an escape hatch in the ceiling.
No target in view!
There is an escape hatch in the ceiling here.
As you open the door, it creaks loudly!
There is an open door here.
There is an open door here.
A goblin comes into view. It is wielding a +0 dagger.
The goblin shouts!
The goblin hits you but does no damage.
You hit the goblin.
An adder comes into view.
The goblin hits you with a +0 dagger.
The adder hisses angrily.
You hit the goblin.
You kill the goblin!
You take 2 damage, and have 27/29 hp.
You block the adder's attack. The adder bites you but does no damage.
You see here a +0 dagger.
You hit the adder. You block the adder's attack.
You hit the adder. The adder bites you but does no damage.
You completely miss the adder. The adder bites you but does no damage.
The adder bites you.
You are poisoned.
The adder poisons you!
You take 1 damage, and have 27/29 hp.
You miss the adder.
You feel sick. The adder bites you but does no damage.
You take 1 damage, and have 26/29 hp.
You barely miss the adder.
You feel sick. The adder bites you. The adder barely misses you.
You take 4 damage, and have 22/29 hp.
You hit the adder.
You feel sick. The adder bites you but does no damage.
You take 1 damage, and have 21/29 hp.
You hit the adder.
You kill the adder!
You feel sick.
No target in view!
No target in view!
You feel sick.
You feel sick.
You are no longer poisoned.
You now have 69 gold pieces (gained 3).
You now have 78 gold pieces (gained 9).
s - 16 stones (gained 5)
h - 2 blue potions (gained 1)
m - a black potion Health restored: 29
G - 2 potions of ambrosia {!q} (gained 1)
An adder comes into view.
The adder hisses angrily.
The adder bites you but does no damage.
You hit the adder.
The adder bites you but does no damage. x2
You miss the adder. The adder bites you but does no damage.
You hit the adder.
The adder is engulfed in blazing flames.
You kill the adder!
No target in view!
No target in view!
n - a +6 ring of dexterity You feel agile.
n - a +6 ring of dexterity (left hand) Jessica the Apprentice Sorceress comes into view.
She is wielding a +0 club.
Found a scale mail.
Found a stone staircase leading down.
Jessica casts a spell.
Jessica blinks!
Jessica casts a spell at you. Pain shoots through your body!
You take 14 damage, and have 15/29 hp.
MASSIVE DAMAGE!!
Jessica closely misses you.
You hit Jessica. Jessica barely misses you.
You hit Jessica. Jessica gestures at you while chanting.
You feel yourself slow down.
Jessica gestures wildly while chanting.
Jessica seems to speed up.
You closely miss Jessica. Jessica barely misses you.
Jessica hits you with a +0 club.
You take 3 damage, and have 13/29 hp.
You hit Jessica. Jessica hits you with a +0 club.
* * * LOW HITPOINT WARNING * * *
Jessica hits you with a +0 club.
* * * LOW HITPOINT WARNING * * *
You take 8 damage, and have 5/29 hp.
MASSIVE DAMAGE!!
Jessica attacks as you move away! You block Jessica's attack.
Jessica casts a spell at you. Pain shoots through your body!
You die...

♣...♣...♣...♣.###.....#.#.......#
.♣.♣.♣.♣.♣.♣.♣# #.....#.#...##.##
..♣...♣...♣...# #.#.#.#.##### #
.♣.♣.♣.♣.♣.♣.♣###.###...#
♣...♣...♣...♣.....###..##
.♣.♣.♣.♣.♣.♣.♣##.......#
..♣...♣...♣...######.#.# .♣.♣
♣.♣. ♣.♣#####....### ♣.. ..
♣[@○@........+ .♣.♣
♣.######....### #### ##.#.# #
...... .##..## . ..# ># #


You could see Jessica (fast).

Vanquished Creatures
  2 adders (D:2)
  3 dart slugs (D:1)
  4 ball pythons (D:1)
  A bat (D:1)
  6 endoplasms
  2 hobgoblins (D:1)
  4 jackals (D:1)
  2 kobolds (D:1)
  A quokka (D:1)
  3 frilled lizards (D:1)
  A goblin (D:2)
  2 rats (D:1)
31 creatures vanquished.

Notes
Turn   | Place    | Note
-------+----------+-------------------------------------------
     0 | D:1      | sokol815 the Demonspawn Monk began the quest for the Orb.
     0 | D:1      | Reached XP level 1. HP: 18/18 MP: 1/1
    80 | D:1      | Reached skill level 3 in Axes
   200 | D:1      | Gained mutation: You are partially covered in large bone
                  | plates. (SH +4) [demonic ancestry]
   200 | D:1      | Reached XP level 2. HP: 14/24 MP: 2/2
   618 | D:1      | Gained mutation: Your demonic aura sometimes causes spilled
                  | blood to erupt in flames. [demonic ancestry]
   618 | D:1      | Reached XP level 3. HP: 29/29 MP: 3/3
   803 | D:1      | Reached skill level 4 in Axes
   951 | D:2      | Noticed Sigmund
  1236 | D:2      | Noticed Jessica
  1244 | D:2      | HP: 7/29 [Jessica/+0 club (6)]
  1245 | D:2      | Killed from afar by Jessica

Illustrated notes

Levels and vault maps discovered:
D:1:      lemuel_arrival_funnel, layout_basic, minmay_misc_feat_encased,
          minmay_stone_trees_medium, minmay_misc_feat_iff
D:2:      layout_loops_corners, ebering_ecumenical_altar_webs,
          kennysheep_crisscross, minmay_misc_feat_enclosed, serial_bayou_pond_e,
          minmay_splitting_lines, uniq_sigmund, uniq_jessica

Skill      XL: |  1  2  3 |
---------------+----------+-----
Axes           | 3 4 |  4.3
Fighting       | |  3.0
Dodging        | |  2.6
Stealth        | |  1.7

Action                   || total
-------------------------++-------
Melee: Hand axe          ||   109
       Punch             ||     1
Throw: Stone             ||     2
 Stab: Distracted        ||     1
Armor: Chain mail        ||    52
Dodge: Dodged            ||    24
Block: Other             ||    11

Table legend: (Time is in decaauts)
 A = Elapsed time spent in this place.
 B = Non-inter-level travel time spent in this place.
 C = Inter-level travel time spent in this place.
 D = Time resting spent in this place.
 E = Time spent auto-exploring this place.
 F = Levels seen in this place.
 G = Mean time per level.
                   A        B        C        D        E       F      G
               +--------+--------+--------+--------+--------+-----+--------+
         Total |   1258 |   1203 |     55 |      0 |    966 |   2 |  629.0 |
       Dungeon |   1258 |   1203 |     55 |      0 |    966 |   2 |  629.0 |
               +--------+--------+--------+--------+--------+-----+--------+

Top non-repeatable levels by time:
     D:1: 1004 daAuts
     D:2: 254 daAuts

Table legend:
 A = Kills in this place as a percentage of kills in entire the game.
 B = Kills by you in this place as a percentage of kills by you in the entire game.
 C = Kills by friends in this place as a percentage of kills by friends in the entire game.
 D = Other kills in this place as a percentage of other kills in the entire game.
 E = Experience gained in this place as a percentage of experience gained in the entire game.
 F = Experience gained in this place divided by the number of levels of this place that you have seen.
                   A       B       C       D       E      F
               +-------+-------+-------+-------+-------+----------------------
         Total | 100.0 | 100.0 |   N/A |   N/A | 100.0 |  41.5
       Dungeon | 100.0 | 100.0 |   N/A |   N/A | 100.0 |  41.5
               +-------+-------+-------+-------+-------+----------------------
